AoeStats
← Gregory176144

Arabia

509816667Analyzed
1v1 RM · 4d ago on Sep 28, 2026· 32m 42s· 2 players
Game mode
Random Map
Map size
Tiny (2 player)
Population
200
Speed
Normal
Resources
Standard
Victory
Conquest
Starting age
Dark Age
Ending age
Imperial Age
RankedLock teamsTeams togetherTeam positionsShared explorationLock speedFull tech treeHidden civsTurbo modeCheats
Victory
Defeat
🇦🇷 Britons · Argentina
1060
+41
🇨🇴 Italians · Colombia
1039
-15
Davidcrit
9:18 Feudal Age
11:51 Loom
17:10 Padded Archer Armor
20:46 Castle Age
18:52 Fletching
22:02 Bodkin Arrow
25:40 Husbandry
26:00 Squires
29:38 Scale Barding Armor
30:59 Forging
Gregory176144
8:27 Feudal Age
8:55 Double-Bit Axe
8:51 Horse Collar
14:11 Wheelbarrow
17:23 Castle Age
18:19 Bow Saw
17:57 Town Watch
18:26 Stone Mining
18:43 Loom
22:43 Gold Mining
24:18 Hand Cart
24:31 Fletching
26:10 Bodkin Arrow
28:42 Ballistics
28:44 Yeomen
29:04 Padded Archer Armor
30:08 Leather Archer Armor
29:35 Treadmill Crane
35:22 Imperial Age
Connection lost

Rejoining the realm…

Still unreachable

The connection could not be restored.

Session expired

The server has moved on; the page needs a fresh start.